 Seeded DCSS version 0.29.1-15-g9cfb28693d (webtiles) character file.

Game seed: 7525391049535536568 (custom seed)

130 booth the Chopper (level 4, 0/31 HPs)
             Began as a Demonspawn Gladiator on Feb 27, 2023.
             Was a Follower of Hepliaklqana.
             Slain by an orc priest
             ... wielding a +0 hand axe
              (1 damage)
             ... on level 3 of the Dungeon.
             The game lasted 00:13:26 (3112 turns).

booth the Chopper (Demonspawn Gladiator)            Turns: 3112, Time: 00:13:26

Health: 0/31       AC:  5    Str: 16    XL:     4   Next: 89%
Magic:  4/4        EV: 12    Int: 10    God:    Hepliaklqana [*.....]
Gold:   70         SH:  0    Dex: 14    Spells: 3/3 levels left

rFire   . . .      SeeInvis .   a - +0 war axe
rCold   . . .      Faith    .   (no shield)
rNeg    . . .      Spirit   .   b - +0 leather armour
rPois   .          Reflect  .   c - +0 helmet
rElec   .          Harm     .   (no cloak)
rCorr   .          Rampage  .   (no gloves)
Will    +....                   (no boots)
Stlth   +.........              (no amulet)
HPRegen 0.10/turn               o - ring of willpower
MPRegen 0.09/turn               (no ring)

@: no status effects
A: reduced essence, rugged brown scales 1, foul stench 1
a: Renounce Religion, Recall Ancestor, Ancestor Identity


You were on level 3 of the Dungeon.
You worshipped Hepliaklqana.
Hepliaklqana was aware of your devotion.
You visited 1 branch of the dungeon, and saw 3 of its levels.

You collected 70 gold pieces.

Inventory:

Hand Weapons
 a - a +0 war axe (weapon)
 f - a +0 mace
Missiles
 d - a throwing net (quivered)
 h - a poisoned dart
Armour
 b - a +0 leather armour (worn)
 c - a +0 helmet (worn)
Jewellery
 n - a ring of fire
 o - a ring of willpower (left hand)
Scrolls
 j - a scroll of butterflies
 k - a scroll of vulnerability
 l - 2 scrolls of fear
Potions
 g - 4 potions of curing
 i - a potion of heal wounds
 m - a potion of might {unknown}


   Skills:
 + Level 2.3 Fighting
 + Level 4.1 Axes
 + Level 2.0 Throwing
 + Level 1.3 Armour
 + Level 3.2 Dodging
 + Level 0.2 Stealth


You had 3 spell levels left.
You didn't know any spells.
Your spell library contained the following spells:

 Spells                   Type           Power      Damage    Failure   Level
 Foxfire                  Conj/Fire      0%         2x1d4     43%         1
 Conjure Flame            Conj/Fire      0%         6-21      80%         3
 Inner Flame              Hex/Fire       0%         N/A       80%         3
 Flame Wave               Conj/Fire      0%         2d4       99%         4


Dungeon Overview and Level Annotations

Branches:
Dungeon (3/15)

Altars:
Hepliaklqana
Nemelex Xobeh


Innate Abilities, Weirdness & Mutations

Your life essence is reduced to manifest your ancestor. (-10% HP)
You are partially covered in rugged brown scales. (AC +1, +3% HP)
You may rarely emit foul miasma when damaged in melee.


Message History

Hrothgar hits the orc.
The orc hits Hrothgar with a +0 club.
The orc priest looks satisfied for a moment.
A rat comes into view.
The orc completely misses you.
The orc hits Hrothgar with a +0 hand axe.
The orc priest hits Hrothgar with a +0 hand axe.
You hit the orc but do no damage.
The orc is almost dead.
You kill the orc!
Hrothgar barely misses the orc priest.
The orc hits Hrothgar with a +0 club.
The orc priest barely misses you.
The orc priest miscasts a cantrip.
Hrothgar hits the orc priest.
Your Axes skill increases to level 4!
The orc hits Hrothgar with a +0 club.
Hrothgar is destroyed!
The orc priest hits you with a +0 trident.
Items here: ( ) [ ††.
You barely miss the orc priest.
The orc priest is lightly wounded.
You closely miss the orc priest.
The orc priest hits you with a +0 trident.
The orc priest hits you with a +0 hand axe.
The orc priest barely misses you.
The orc priest hits you but does no damage.
You slash the orc priest!
The orc priest is severely wounded.
You hit the orc priest but do no damage.
The orc priest closely misses you.
The orc priest calls down the wrath of Beogh upon you.
Beogh smites you!
* * * LOW HITPOINT WARNING * * *
You hit the orc priest.
You kill the orc priest!
You barely miss the orc priest. You hit the orc but do no damage.
The orc hits you but does no damage.
The orc priest looks braver for a moment.
The orc priest attacks as you move away!
The orc priest hits you with a +0 hand axe.
You die...

.......[.#
.........#
.....(...#
...!.....#
.........#
.........#
......r..#
......o)o#
#######@## #.# #.#
#.# #.# #.# #.#
#.################
#.................


You could see an orc priest, an orc and a rat.

Vanquished Creatures
  An orc priest (D:3)
  4 adders (D:2)
  A worm (D:2)
  A dart slug (D:1)
  2 orcs (D:3)
  11 ball pythons
  6 bats
  8 endoplasms
  A giant cockroach (D:2)
  2 goblins (D:1)
  6 hobgoblins
  2 quokkas (D:1)
  3 frilled lizards (D:1)
  4 kobolds
  3 rats
55 creatures vanquished.

Vanquished Creatures (collateral kills)
  A frilled lizard (D:1)
1 creature vanquished.

Vanquished Creatures (others)
  An ancestor (D:3)
1 creature vanquished.

Grand Total: 57 creatures vanquished

Notes
Turn   | Place    | Note
-------+----------+-------------------------------------------
     0 | D:1      | booth the Demonspawn Gladiator began the quest for the Orb.
     0 | D:1      | Reached XP level 1. HP: 16/16 MP: 1/1
   185 | D:1      | Gained mutation: You may rarely emit foul miasma when
                  | damaged in melee. [demonic ancestry]
   185 | D:1      | Reached XP level 2. HP: 15/22 MP: 2/2
   296 | D:1      | Reached skill level 3 in Axes
   984 | D:2      | Gained mutation: You are partially covered in rugged brown
                  | scales. (AC +1, +3% HP) [demonic ancestry]
   984 | D:2      | Reached XP level 3. HP: 12/27 MP: 3/3
  1874 | D:2      | Found a sparkling altar of Nemelex Xobeh.
  1982 | D:2      | Reached XP level 4. HP: 33/33 MP: 4/4
  2766 | D:1      | Found a faded altar of an unknown god.
  2772 | D:1      | Prayed at the altar of an unknown god.
  2772 | D:1      | Became a worshipper of Hepliaklqana the Forgotten
  2772 | D:1      | Reached * piety under Hepliaklqana
  2956 | D:3      | Reached skill level 1 in Armour
  3108 | D:3      | Reached skill level 4 in Axes
  3110 | D:3      | HP: 1/30 [orc priest/divine providence (11)]
  3112 | D:3      | Slain by an orc priest

Illustrated notes

Levels and vault maps discovered:
D:1:      dpeg_arrival_pits, layout_basic,
          hellmonk_ecumenical_altar_heavens_door, minmay_pentomino_p2
D:2:      layout_basic, basic_altar, grunt_decor_cap
D:3:      layout_basic

Skill      XL: |  1  2  3  4 |
---------------+-------------+-----
Axes           | 3 4 |  4.1
Throwing       | 2 |  2.0
Dodging        | 3 |  3.2
Armour         | 1 |  1.3
Fighting       | |  2.3
Stealth        | |  0.2

Action                   |  1- 3 |  4- 6 || total
-------------------------+-------+-------++-------
Melee: War axe           |   114 |    53 ||   167
       Punch             |     1 |     1 ||     2
Throw: Throwing net      |     5 |       ||     5
       Javelin           |     1 |     1 ||     2
       Dart              |       |     1 ||     1
Invok: Ancestor Identity |       |     1 ||     1
  Use: Scroll            |       |     5 ||     5
       Potion            |       |     1 ||     1
 Stab: Sleeping          |       |     1 ||     1
Armor: Leather armour    |    38 |    21 ||    59
Dodge: Dodged            |    89 |    54 ||   143
